 Dungeon Crawl Stone Soup version 0.27-a0-1579-g97d2440184 (webtiles) character file.

Game seed: 78736042554842736

2590 jimbutter the Cleaver (level 9, 0/69 (82) HPs)
             Began as a Minotaur Berserker on June 12, 2021.
             Was an Elder of Trog.
             Slain by a wight (7 damage)
             ... on level 7 of the Dungeon on July 17, 2021.
             The game lasted 00:15:31 (6672 turns).

jimbutter the Cleaver (Minotaur Berserker)          Turns: 6672, Time: 00:15:31

HP:   0/69 (82)     AC: 11    Str: 25    XL:     9   Next: 33%
MP:   8/8           EV:  7    Int:  4    God:    Trog [****..]
Gold: 371           SH: 10    Dex: 10    Spells: 8/8 levels left

rFire    . . .     SeeInvis .   a - +1 hand axe
rCold    . . .     Faith    .   l - +0 kite shield
rNeg     . . .     Spirit   .   s - +0 chain mail
rPois    .         Reflect  .   (helmet restricted)
rElec    .         Harm     .   k - +0 cloak
rCorr    .         Rampage  .   (no gloves)
Will     .....                  r - +0 pair of boots
Stlth    ..........             (no amulet)
HPRegen  0.21/turn              (no ring)
MPRegen  0.11/turn              (no ring)

@: studying Axes, heavily drained
A: horns 2, retaliatory headbutt
a: Renounce Religion, Berserk, Trog's Hand, Brothers in Arms


You were on level 7 of the Dungeon.
You worshipped Trog.
Trog was greatly pleased with you.
You visited 1 branch of the dungeon, and saw 7 of its levels.

You collected 371 gold pieces.

Inventory:

Hand Weapons
 a - a +1 hand axe (weapon)
Missiles
 c - 17 poisoned darts (quivered)
 f - 5 atropa-tipped darts
Armour
 k - a +0 cloak (worn)
 l - a +0 kite shield (worn)
 r - a +0 pair of boots (worn)
 s - a +0 chain mail (worn)
Jewellery
 d - a ring of ice
 m - a +6 ring of dexterity
 q - a ring of magical power
 z - an amulet of regeneration
Wands
 j - a wand of digging (2)
 u - a wand of iceblast (6)
 w - a wand of flame (23)
 y - a wand of acid (9)
Scrolls
 h - a scroll of fog
 i - a scroll of acquirement
Potions
 b - a potion of flight {unknown}
 g - 3 potions of curing
 t - a potion of degeneration {unknown}
 x - a potion of cancellation


   Skills:
 + Level 8.9 Fighting
 * Level 12.2 Axes
 - Level 2.4 Armour
 - Level 2.1 Dodging
 + Level 5.5 Shields


You had 8 spell levels left.
You didn't know any spells.
Your spell library was empty.

Dungeon Overview and Level Annotations

Branches:
Dungeon (7/15)             Temple (0/1) D:7

Altars:
Gozag

Shops:
D:5 ![

Annotations:
D:3 3 runed translucent doors, dickylongcocking's ghost, amateur DjFE
D:5 3 runed translucent doors, DocClef's ghost, weakling GnDe; Harkinian's ghost, weakling MiBe; Leeroy's ghost, amateur PaWr


Innate Abilities, Weirdness & Mutations

You have a pair of horns on your head.
You reflexively headbutt those who attack you in melee.


Message History

The wight hits you but does no damage.
You closely miss the wight.
The wight is moderately damaged.
You block the wight's attack.
The wight hits you with a +5 great sword!
You feel drained.
You closely miss the wight.
The wight is moderately damaged.
You block the wight's attack. The wight closely misses you.
Your shield prevents you from hitting the wight.
The wight is moderately damaged.
The wight hits you from afar with a +0 trident!
You feel drained.
The wight hits you with a +5 great sword.
* * * LOW HITPOINT WARNING * * *
You feel drained.
* * * LOW HITPOINT WARNING * * *
You slash the wight! You headbutt the wight.
The wight is almost destroyed.
The wight hits you from afar with a +0 trident!
* * * LOW HITPOINT WARNING * * *
The wight hits you with a +5 great sword.
* * * LOW HITPOINT WARNING * * *
The wight hits you from afar with a +0 trident.
* * * LOW HITPOINT WARNING * * *
You feel drained.
* * * LOW HITPOINT WARNING * * *
The wight hits you but does no damage. You block the wight's attack. x2
You hit the wight.
You destroy the wight!
Trog accepts your kill. The wight hits you but does no damage.
The wight hits you but does no damage.
Items here: )) [[.
You hit the wight but do no damage. The wight hits you but does no damage.
You hit the wight. You headbutt the wight!
The wight is severely damaged.
The wight hits you with a +0 trident!
You die...

##*********### #.,,,,,,,,,..#
******##.#********#.#
,,,,,,,...* #.# *******#..*
######.#####******## #..*
#.z@........,,,,,,..
*#####..####.####.######*****#.
***......................# #.
,,*.####..#.)).####.####.# #.
,,,,* #..#.##.####.# #.#######[
*,*****#............#
#.........
*,,,,,,.....##.###.##
########.# ,,,,,.....####.# #.#
#.# ,****#####* #<# #.# #.#


You could see a wight.

Vanquished Creatures
  3 water moccasins
  2 ice beasts
  A sky beast (D:5)
  A black bear (D:7)
  3 ogres
  2 necrophages
  A phantom (D:6)
  2 centaurs (D:6)
  A bullfrog (D:6)
  7 wights
  3 howler monkeys
  A centaur zombie (D:6)
  A bullfrog skeleton (D:5)
  A hound (D:4)
  2 orc priests (D:4)
  3 jellies
  A bullfrog zombie (D:7)
  Jessica (D:2)
  Ijyb (D:5)
  Natasha (thrice) (D:2)
  2 orc wizards (D:7)
  2 iguanas (D:5)
  A hound skeleton (D:4)
  Robin (D:4)
  A howler monkey skeleton (D:4)
  6 adders
  2 ufetubi (D:6)
  An adder zombie (D:5)
  2 worms
  A dart slug (D:1)
  6 orcs
  4 ball pythons
  6 bats
  3 endoplasms
  4 giant cockroaches
  18 goblins
  9 hobgoblins
  3 quokkas
  6 frilled lizards
  5 kobolds
  3 rats
126 creatures vanquished.

Vanquished Creatures (others)
  An unseen horror (D:6)
  An orc wizard (D:7)
  A goblin (D:4)
  5 plants (D:3)
8 creatures vanquished.

Grand Total: 134 creatures vanquished

Notes
Turn   | Place    | Note
-------+----------+-------------------------------------------
     0 | D:1      | jimbutter the Minotaur Berserker began the quest for the
                  | Orb.
     0 | D:1      | Reached XP level 1. HP: 19/19 MP: 0/0
    66 | D:1      | Reached skill level 4 in Axes
   364 | D:1      | Reached XP level 2. HP: 27/27 MP: 1/1
  1089 | D:2      | Reached XP level 3. HP: 32/33 MP: 2/2
  1187 | D:2      | Reached ** piety under Trog
  1285 | D:2      | Reached skill level 5 in Axes
  1320 | D:2      | Noticed Jessica
  1321 | D:2      | Noticed Natasha
  1327 | D:2      | Killed Jessica
  1328 | D:2      | Reached XP level 4. HP: 35/41 MP: 3/3
  1332 | D:2      | Killed Natasha
  1661 | D:2      | Noticed Natasha
  1671 | D:2      | Killed Natasha
  1672 | D:2      | Reached skill level 6 in Axes
  1807 | D:2      | Noticed Natasha
  1811 | D:2      | Killed Natasha
  1812 | D:2      | Reached skill level 5 in Fighting
  1812 | D:2      | Reached XP level 5. HP: 47/48 MP: 4/4
  1846 | D:3      | Found a faded altar of an unknown god.
  1865 | D:3      | Noticed an ogre
  1886 | D:3      | Killed an ogre
  2090 | D:3      | Reached skill level 7 in Axes
  2090 | D:3      | Reached XP level 6. HP: 56/56 MP: 5/5
  2090 | D:3      | Upgraded the game from 0.27-a0-1278-g6cbc8dfb29 to
                  | 0.27-a0-1579-g97d2440184
  2133 | D:3      | Found a runed translucent gate.
  2133 | D:3      | Found a runed translucent gate.
  2133 | D:3      | Found a runed translucent gate.
  2134 | D:3      | Noticed dickylongcocking's ghost (amateur DjFE)
  3262 | D:4      | Reached skill level 8 in Axes
  3380 | D:4      | Reached XP level 7. HP: 61/63 MP: 6/6
  3396 | D:4      | Noticed Robin
  3407 | D:4      | Reached *** piety under Trog
  3425 | D:4      | Killed Robin
  3945 | D:5      | Entered Level 5 of the Dungeon
  4044 | D:5      | Reached skill level 9 in Axes
  4071 | D:5      | Found Ziokhefu's Distillery.
  4076 | D:5      | Found Jidued's Antique Armour Shop.
  4086 | D:5      | Reached skill level 1 in Shields
  4402 | D:5      | Noticed Ijyb
  4421 | D:5      | Killed Ijyb
  4443 | D:5      | Reached XP level 8. HP: 57/73 MP: 7/7
  4880 | D:5      | Reached skill level 10 in Axes
  5018 | D:5      | Found a runed translucent gate.
  5018 | D:5      | Found a runed translucent gate.
  5019 | D:5      | Found a runed translucent gate.
  5020 | D:5      | Noticed DocClef's ghost (weakling GnDe)
  5020 | D:5      | Noticed DocClef's ghost (weakling GnDe)
  5021 | D:5      | Noticed Harkinian's ghost (weakling MiBe)
  5021 | D:5      | Noticed Leeroy's ghost (amateur PaWr)
  5023 | D:5      | Noticed DocClef's ghost (weakling GnDe)
  5200 | D:6      | Killed an unseen horror
  5330 | D:6      | Reached skill level 11 in Axes
  5854 | D:6      | Reached XP level 9. HP: 79/82 MP: 8/8
  5961 | D:6      | Found an opulent altar of Gozag.
  6338 | D:7      | Identified 2 scrolls of acquirement
  6338 | D:7      | Acquired a manual of Axes
  6404 | D:7      | Reached skill level 5 in Shields
  6435 | D:7      | Found a staircase to the Ecumenical Temple.
  6475 | D:7      | Reached **** piety under Trog
  6641 | D:7      | Reached skill level 12 in Axes
  6672 | D:7      | Slain by a wight

Illustrated notes

Levels and vault maps discovered:
D:1:      minmay_arrival_radiant_lines, layout_basic
D:2:      layout_rooms, uniq_jessica, uniq_natasha
D:3:      layout_basic, chequers_ecumenical_altar_simple,
          gammafunk_ghost_necromancy, chequers_serial_rivers_small_a,
          chequers_big_river, minmay_puff
D:4:      layout_loops_ring, minivault_25, lemuel_flame_loot_1, uniq_robin
D:5:      layout_basic, gammafunk_ghost_cemetery, nicolae_wooded_promenade,
          uniq_ijyb
D:6:      layout_loops_cross, old_standard_altar, minmay_misc_feat_enclosed,
          st_stairs_3
D:7:      layout_loops_ring, minmay_temple_entry_glass, uniq_menkaure

Skill      XL: |  1  2  3  4  5  6  7  8  9 |
---------------+----------------------------+-----
Axes           | 4 5 6 7 8 9 11 12 | 12.2
Fighting       | 4 5 6 7 8 |  8.9
Shields        | 2 4 5 |  5.5
Armour         | |  2.4
Dodging        | |  2.1

Action                   |  1- 3 |  4- 6 |  7- 9 || total
-------------------------+-------+-------+-------++-------
Melee: Hand axe          |    56 |    88 |   244 ||   388
       Headbutt          |     8 |    14 |    51 ||    73
Invok: Berserk           |     1 |     1 |     1 ||     3
       Trog's Hand       |     1 |     1 |     1 ||     3
  Use: Scroll            |       |       |    10 ||    10
 Stab: Sleeping          |     1 |       |       ||     1
Armor: Animal skin       |     9 |     2 |       ||    11
       Ring mail         |       |    13 |       ||    13
       Chain mail        |       |    19 |   121 ||   140
Dodge: Dodged            |    50 |    33 |    57 ||   140
Block: Kite shield       |       |       |    87 ||    87

Table legend: (Time is in decaauts)
 A = Elapsed time spent in this place.
 B = Non-inter-level travel time spent in this place.
 C = Inter-level travel time spent in this place.
 D = Time resting spent in this place.
 E = Time spent auto-exploring this place.
 F = Levels seen in this place.
 G = Mean time per level.
                   A        B        C        D        E       F      G
               +--------+--------+--------+--------+--------+-----+--------+
         Total |   6726 |   6549 |    177 |    911 |   4276 |   7 |  960.9 |
       Dungeon |   6726 |   6549 |    177 |    911 |   4276 |   7 |  960.9 |
               +--------+--------+--------+--------+--------+-----+--------+

Top non-repeatable levels by time:
     D:5: 1215 daAuts
     D:4: 1142 daAuts
     D:6: 1068 daAuts
     D:1: 1056 daAuts
     D:3: 997 daAuts
     D:2: 790 daAuts
     D:7: 454 daAuts
